 Dungeon Crawl Stone Soup version 0.17-a0-1714-g35622ae (webtiles) character file.

323 kae the Carver (level 6, -1/51 HPs)
             Began as a Minotaur Fighter on Aug 23, 2015.
             Slain by an ogre
             ... wielding a +0 giant club
              (15 damage)
             ... on level 4 of the Dungeon.
             The game lasted 00:02:43 (2935 turns).

kae the Carver (Minotaur Fighter)                   Turns: 2935, Time: 00:02:43

Health: -1/51      AC:  6    Str: 21    XL:     6   Next: 23%
Magic:  5/5        EV:  7    Int:  7    God:
Gold:   156        SH:  9    Dex:  9    Spells: 0 memorised, 5 levels left

rFire  . . .     SeeInvis .     a - +0 long sword
rCold  . . .     Clarity  .     b - +0 scale mail
rNeg   . . .     SustAt   .     c - +0 shield
rPois  .         Gourm    .     (helmet restricted)
rElec  .         Spirit   .     (no cloak)
rCorr  .         Warding  .     (no gloves)
rMut   .         Stasis   .     (no boots)
MR     .....                    s - amulet of rage
Stlth  ..........               (no ring)
                                (no ring)

@: not resistant to hostile enchantments, extremely unstealthy
A: retaliatory headbutt, horns 2
a: Evoke Berserk Rage


You were on level 4 of the Dungeon.
You were near starving.

You visited 1 branch of the dungeon, and saw 4 of its levels.

You collected 156 gold pieces.

Inventory:

Hand weapons
 a - a +0 long sword (weapon)
Armour
 b - a +0 scale mail (worn)
 c - a +0 shield (worn)
 m - a +0 large shield
Jewellery
 n - an uncursed amulet of resist corrosion
 s - an amulet of rage (around neck)
 t - an uncursed amulet of the gourmand
Scrolls
 f - a scroll of remove curse
 i - a scroll of identify
 p - a scroll of magic mapping
Potions
 d - 2 potions of might
 g - a potion of flight {unknown}
 h - 2 potions of lignification
 k - 3 potions of curing
 l - 3 potions of heal wounds
 o - a potion of ambrosia {unknown}
 q - a potion of invisibility {unknown}
 v - 2 potions of magic {unknown}
Comestibles
 e - 3 bread rations
 j - a beef jerky
 r - 2 slices of pizza
 u - a royal jelly


   Skills:
 - Level 3.6 Fighting
 + Level 8.0 Long Blades
 - Level 3.6 Armour
 - Level 3.6 Shields


You had 5 spell levels left.
You didn't know any spells.

Dungeon Overview and Level Annotations

Branches:
Dungeon (4/15)
 Temple: D:4-7

Altars:


Innate Abilities, Weirdness & Mutations

You reflexively headbutt those who attack you in melee.
You have a pair of horns on your head.


Message History

a scroll of teleportation; a chunk of flesh; a quokka skeleton Unknown command.
You hit the ogre. You headbutt the ogre.
The ogre is lightly wounded.
The ogre closely misses you. You furiously retaliate!
You headbutt the ogre!
Your shield and scale mail prevent you from hitting the ogre.
The ogre is heavily wounded.
The ogre hits you with a giant club!
* * * LOW HITPOINT WARNING * * *
You are too injured to fight recklessly!
You are too injured to fight recklessly!
You are too injured to fight recklessly!
You are too injured to fight recklessly!
You are too injured to fight recklessly!
You are too injured to fight recklessly!
Your shield and scale mail prevent you from hitting the ogre.
You headbutt the ogre.
The ogre is severely wounded.
The ogre hits you with a giant club!
You die...

## .# .# .#####
##......##
##.#O.....##
#..@..<....###
#.##..........
#........#
#.......#
#..#...##
#####..##.#####
...............#
######.........#
#.........# #.#


You could see an ogre.

Vanquished Creatures
  Duvessa (D:4)
  Dowan (D:4)
  2 gnolls (D:3)
  9 adders
  4 worms
  A giant gecko (D:3)
  An orc (D:4)
  12 bats
  A giant cockroach (D:3)
  6 goblins
  5 hobgoblins
  A quokka (D:4)
  A ball python (D:1)
  A giant gecko skeleton (D:4)
  3 giant newts (D:1)
  7 kobolds
  10 rats
66 creatures vanquished.

Notes
Turn   | Place    | Note
--------------------------------------------------------------
     0 | D:1      | kae the Minotaur Fighter began the quest for the Orb.
     0 | D:1      | Reached XP level 1. HP: 19/19 MP: 0/0
   352 | D:1      | Reached XP level 2. HP: 24/26 MP: 1/1
   776 | D:2      | Reached skill level 4 in Long Blades
   800 | D:2      | Reached XP level 3. HP: 26/31 MP: 2/2
  1171 | D:2      | Reached skill level 5 in Long Blades
  1438 | D:2      | Reached XP level 4. HP: 39/39 MP: 3/3
  1799 | D:3      | Found a faded altar to an unknown god.
  1936 | D:3      | Reached skill level 6 in Long Blades
  2281 | D:3      | Reached XP level 5. HP: 41/45 MP: 4/4
  2764 | D:4      | Noticed Duvessa
  2767 | D:4      | Noticed Dowan
  2791 | D:4      | Killed Duvessa
  2791 | D:4      | Reached skill level 7 in Long Blades
  2807 | D:4      | Killed Dowan
  2807 | D:4      | Reached skill level 8 in Long Blades
  2807 | D:4      | Reached XP level 6. HP: 20/51 MP: 5/5
  2928 | D:4      | Noticed an ogre
  2935 | D:4      | Slain by an ogre

Vault maps used:
D:1:      zaba_arrival_water, minmay_misc_feat_columns, hex_tiny,
          hangedman_decor_diamond_cutter
D:2:      forest_paths, first_bread, minivault_23
D:3:      ecumenical_altar_2
D:4:      uniq_duvessa, uniq_eustachio

Action                   |  1- 3 |  4- 6 || total
-------------------------+-------+-------++-------
Melee: Long sword        |   103 |   105 ||   208
  Use: Scroll            |       |     8 ||     8
  Eat: Chunk             |     2 |     3 ||     5
